 Dungeon Crawl Stone Soup version 0.31-a0-149-g3fdcc5976a (webtiles) character file.

Game seed: 4661539102751531953

4596 jlumianski the Thaumaturge (level 10, -2/67 HPs)
             Began as a Djinni Fire Elementalist on June 8, 2023.
             Was a Priest of Makhleb.
             Slain by a yak (11 damage)
             ... on level 8 of the Dungeon.
             The game lasted 00:59:13 (9393 turns).

jlumianski the Thaumaturge (DjFE)                   Turns: 9393, Time: 00:59:13

Health: -2/67      AC:  3    Str:  7    XL:     10   Next: 69%
Gold:   438        EV: 19    Int: 28    God:    Makhleb [***...] SH:  0 Dex: 13

rFire   + + .        r - +4 dagger (vamp)
rCold   x . .        (no shield)
rNeg    . . .        w - +1 robe {Will+}
rPois   ∞            (helmet restricted)
rElec   .            (no cloak)
rCorr   .            (no gloves)
SInv    .            (boots unavailable)
Will    ++...        (no amulet)
Stlth   +++          Q - +5 ring of evasion
HPRegen 0.31/turn    o - +6 ring of intelligence
MPRegen 0.00/turn

%: infuse magic (-3 HP)
@: flying
A: sickness immunity, fire resistance 2, cold vulnerability 1, float, innate
caster, HP casting, extra vitality 1, beak
a: Renounce Religion, Minor Destruction, Lesser Servant of Makhleb


You were on level 8 of the Dungeon.
You worshipped Makhleb.
Makhleb was most pleased with you.
You visited 2 branches of the dungeon, and saw 12 of its levels.
You also visited: Ossuary.

You collected 438 gold pieces.

Inventory:

Hand Weapons
 e - a +0 short sword
 r - a +4 vampiric dagger (weapon)
 x - a +0 dagger of speed
 z - a +0 trident of protection
 B - a +0 great sword of electrocution
 E - a +0 dagger of draining
 O - the +5 mace "Beast's Demise" {heavy, rF+}
   (You found it on level 6 of the Dungeon)

   rF:        It protects you from fire.
Missiles
 j - 4 javelins
 l - 7 poisoned darts (quivered)
 G - a boomerang
 H - 2 throwing nets
 M - 2 atropa-tipped darts
Armour
 a - a +0 robe
 w - a +1 robe of willpower (worn)
 y - the +3 chain mail of Happiness {rElec rC++ Int+2 Dex+4}
   (You found it on level 3 of the Dungeon)

   Int:       It affects your intelligence (+2).
   Dex:       It affects your dexterity (+4).
   rC:        It greatly protects you from cold.
   rElec:     It insulates you from electricity.
Magical Staves
 U - a staff of death
Jewellery
 g - a +6 ring of strength
 o - a +6 ring of intelligence (right hand)
 P - a ring of protection from fire
 Q - a +5 ring of evasion (left hand)
Wands
 s - a wand of light (6)
 L - a wand of roots (5)
 R - a wand of mindburst (17)
 S - a wand of paralysis (4)
Scrolls
 d - a scroll of vulnerability
 i - a scroll of identify
 m - 6 scrolls of noise
 p - a scroll of fear
 t - 2 scrolls of teleportation
 v - a scroll of amnesia
 A - 4 scrolls of immolation
 D - a scroll of magic mapping
 F - a scroll of butterflies
 J - a scroll of fog
 N - a scroll of enchant armour
Potions
 b - a potion of might
 c - 2 potions of ambrosia
 f - 2 potions of brilliance
 h - 3 potions of lignification
 k - a potion of resistance
 n - a potion of enlightenment
 q - 3 potions of curing
 u - a potion of mutation
 C - 6 potions of degeneration
 I - a potion of magic
 K - 2 potions of heal wounds
 T - a potion of invisibility


   Skills:
 + Level 3.8 Fighting
 + Level 4.2 Short Blades
 + Level 6.7 Dodging
 + Level 5.1 Stealth
 * Level 8.2 Spellcasting
 * Level 8.2 Conjurations
 * Level 8.2 Hexes
 * Level 8.2 Summonings
 * Level 8.2 Necromancy
 * Level 8.2 Translocations
 * Level 8.2 Transmutations
 * Level 8.2 Fire Magic
 * Level 8.2 Ice Magic
 * Level 8.2 Air Magic
 * Level 8.2 Earth Magic
 * Level 8.2 Poison Magic
 * Level 3.8 Invocations


You knew the following spells:

 Your Spells              Type           Power      Damage    Failure   Level
a - Foxfire               Conj/Fire      100%       2x1d9     1%          1
b - Scorch                Fire           100%       2d9       1%          2
c - Volatile Blastmotes   Fire/Tloc      100%       2d18      1%          3
d - Inner Flame           Hex/Fire       55%        N/A       1%          3
e - Flame Wave            Conj/Fire      55%        2d13      1%          4
f - Magic Dart            Conj           100%       1d8       1%          1
g - Searing Ray           Conj           100%       2d8       1%          2
h - Confusing Touch       Hex            55%        N/A       1%          3
i - Hailstorm             Conj/Ice       55%        3d12      1%          3
Your spell library was empty.

Dungeon Overview and Level Annotations

Branches:
Dungeon (11/15)            Temple (1/1) D:4             Orc (0/2) D:9
Ossuary (visited)
   Lair: D:8-11

Altars:
Cheibriados
Elyvilon
Fedhas
Hepliaklqana
Makhleb
Nemelex Xobeh
Ru
Trog
Xom
Yredelemnul
Zin

Shops:
D:6 (


Innate Abilities, Weirdness & Mutations

You are immune to sickness and miasma.
You are immune to poison.
Your flesh is very heat resistant. (rF++)
You are vulnerable to cold. (rC-)
You float through the air rather than walking.
You learn spells naturally, not from books.
Your magical power is your life essence.
You have superior vitality. (+4 MHP)
You have a beak for a mouth.


Message History

Casting: Foxfire (safe; 1% risk of failure)
Confirm with . or Enter, or press ? or * to list all spells.
You conjure some foxfire!
The yak gores you!
You hit the yak.
You feel better.
The yak is severely wounded.
The foxfire hits the yak but does no damage.
The yak is severely wounded.
You closely miss the yak.
The yak is severely wounded.
The yak gores you.
You hit the yak but do no damage. You peck the yak, but do no damage.
The yak is severely wounded.
The yak closely misses you. The yak gores you!
You fly upwards.
There is a stone staircase leading down here.
Casting: Foxfire (safe; 1% risk of failure)
Confirm with . or Enter, or press ? or * to list all spells.
You conjure some foxfire!
The yak gores you.
You hit the yak.
You feel better.
Your peck misses the yak.
The yak is severely wounded.
The foxfire hits the yak.
The yak is almost dead.
The foxfire hits the yak but does no damage.
The yak is almost dead.
The yak gores you!
* * * LOW HITPOINT WARNING * * *
Casting: Foxfire (safe; 1% risk of failure)
Confirm with . or Enter, or press ? or * to list all spells.
Flames lash the yak.
The yak is almost dead.
The yak's fire resistance burns away.
* * * LOW HITPOINT WARNING * * *
The yak closely misses you.
Casting: Scorch (safe; 1% risk of failure)
Confirm with . or Enter, or press ? or * to list all spells.
You conjure some foxfire!
* * * LOW HITPOINT WARNING * * *
The yak gores you!
You die...

#.... ...# ### ######## .
## ####......######..
...## .................#
#... ...............# ###
# ..........v...# #.# #
.........§@..## ##.## #
.........v.Y.# #...# #
.............# #...## #
.............# ##....# ##
............## #.....## #.
............# ##......# #.
##..........##
#.......###. #...........#
#........#..
#..##.......###........#.#


You could see a yak (combustible, ally target).

Vanquished Creatures
  A hornet (D:7)
  Sigmund (D:2)
  A wyvern (D:8)
  3 steam dragons
  Edmund (D:5)
  A water moccasin (D:8)
  4 orc warriors (D:9)
  An ice beast (D:7)
  3 sky beasts
  A black bear (D:4)
  2 ogres (D:5)
  2 centaurs
  Blork the orc (D:4)
  A phantom (D:4)
  A bullfrog (D:8)
  5 scorpions
  3 wights (D:7)
  A killer bee (D:9)
  4 howler monkeys
  3 jellies
  A centaur zombie (Ossuary)
  8 orc priests
  5 hounds
  A gnoll bouda (D:7)
  A sleepcap (D:6)
  Jessica (D:2)
  Ijyb (D:3)
  2 iguanas
  13 orc wizards
  A scorpion zombie (D:3)
  A hound skeleton (D:3)
  3 mummies (Ossuary)
  12 gnolls
  11 adders
  3 ufetubi
  3 worms
  2 dart slugs
  29 orcs
  8 ball pythons
  5 bats
  8 endoplasms
  3 giant cockroaches
  2 gnoll zombies (Ossuary)
  6 goblins
  6 hobgoblins
  8 jackals (D:1)
  5 quokkas
  3 training dummies (D:6)
  7 frilled lizards
  A goblin zombie (Ossuary)
  A hobgoblin zombie (Ossuary)
  2 jackal skeletons (D:3)
  10 kobolds
  2 kobold zombies (Ossuary)
  An orc zombie (Ossuary)
  2 quokka zombies (D:3)
  5 rats
223 creatures vanquished.

Vanquished Creatures (collateral kills)
  A foxfire (D:3)
1 creature vanquished.

Vanquished Creatures (others)
  A shadow (D:11)
  2 orcs (D:9)
  569 foxfires
572 creatures vanquished.

Grand Total: 796 creatures vanquished

Notes
Turn   | Place    | Note
-------+----------+-------------------------------------------
     0 | D:1      | jlumianski the Djinni Fire Elementalist began the quest for
                  | the Orb.
     0 | D:1      | jlumianski set off with the following spells memorised:
                  | Foxfire, Scorch, Volatile Blastmotes, Inner Flame, Flame
                  | Wave.
     0 | D:1      | Reached XP level 1. HP: 15/15 MP: 0/0
   157 | D:1      | Reached XP level 2. HP: 18/21 MP: 0/0
   446 | D:1      | Reached XP level 3. HP: 20/25 MP: 0/0
   446 | D:1      | Learned a level 1 spell: Magic Dart
  1294 | D:2      | Reached XP level 4. HP: 20/31 MP: 0/0
  1450 | D:3      | Found a glowing silver altar of Zin.
  1499 | D:3      | Reached XP level 5. HP: 19/36 MP: 0/0
  1499 | D:3      | Learned a level 2 spell: Searing Ray
  1553 | D:3      | Noticed Ijyb
  1569 | D:3      | Killed Ijyb
  1593 | D:3      | Reached skill level 1 in Short Blades
  1632 | D:4      | Found a staircase to the Ecumenical Temple.
  1638 | Temple   | Entered the Ecumenical Temple
  1677 | Temple   | Became a worshipper of Makhleb the Destroyer
  1764 | D:3      | Reached skill level 1 in Fighting
  1796 | D:3      | Reached XP level 6. HP: 39/42 MP: 0/0
  1819 | D:3      | Found a bloodstained altar of Trog.
  1819 | D:3      | Found a blossoming altar of Fedhas.
  1853 | D:2      | Noticed Sigmund
  2022 | D:2      | Killed Sigmund
  2057 | D:2      | Noticed Jessica
  2062 | D:2      | Killed Jessica
  2063 | D:2      | Reached XP level 7. HP: 46/47 MP: 0/0
  2063 | D:2      | Learned a level 3 spell: Confusing Touch
  2217 | D:2      | Gained mutation: You have a beak for a mouth. [potion of
                  | mutation]
  2686 | D:3      | Identified the +3 chain mail of Happiness {rElec rC++ Int+2
                  | Dex+4}
  2706 | D:4      | Noticed Blork the orc
  3067 | D:4      | Killed Blork the orc
  3068 | D:4      | Reached skill level 5 in Spellcasting
  3068 | D:4      | Reached skill level 5 in Conjurations
  3068 | D:4      | Reached skill level 5 in Hexes
  3068 | D:4      | Reached skill level 5 in Summonings
  3068 | D:4      | Reached skill level 5 in Necromancy
  3068 | D:4      | Reached skill level 5 in Translocations
  3068 | D:4      | Reached skill level 5 in Transmutations
  3068 | D:4      | Reached skill level 5 in Fire Magic
  3068 | D:4      | Reached skill level 5 in Ice Magic
  3068 | D:4      | Reached skill level 5 in Air Magic
  3068 | D:4      | Reached skill level 5 in Earth Magic
  3068 | D:4      | Reached skill level 5 in Poison Magic
  3111 | D:5      | Entered Level 5 of the Dungeon
  3233 | D:4      | Reached * piety under Makhleb
  3311 | D:4      | Reached XP level 8. HP: 36/54 MP: 0/0
  4067 | D:5      | Reached ** piety under Makhleb
  4220 | D:5      | Reached skill level 5 in Dodging
  4311 | D:5      | Reached XP level 9. HP: 51/59 MP: 0/0
  4311 | D:5      | Learned a level 3 spell: Hailstorm
  4349 | D:5      | Noticed Edmund
  4385 | D:5      | Killed Edmund
  5332 | D:6      | Found Vouseuty's Firing Range.
  5818 | D:7      | Reached *** piety under Makhleb
  5879 | D:7      | Found a sand-covered staircase.
  5885 | D:7      | Noticed a hornet
  5889 | Ossuary  | Entered an ossuary
  6294 | D:7      | Killed a hornet
  6604 | D:6      | Reached XP level 10. HP: 48/67 MP: 0/0
  6611 | D:6      | Identified the +5 mace "Beast's Demise" {heavy, rF+}
  6693 | D:6      | Reached skill level 1 in Invocations
  7936 | D:8      | Reached skill level 5 in Stealth
  8238 | D:9      | You are sucked into a shaft and drop 2 floors!
  8246 | D:11     | Noticed a manticore
  8266 | D:11     | HP: 1/67 [something (31)]
  8288 | D:10     | Entered Level 10 of the Dungeon
  8497 | D:9      | Found a staircase to the Orcish Mines.
  9393 | D:8      | Slain by a yak

Illustrated notes

Levels and vault maps discovered:
D:1:      dpeg_arrival_arbitrary_a, layout_basic
D:2:      layout_basic, uniq_jessica, uniq_sigmund
D:3:      wander_river, layout_rooms, zin_academy,
          gammafunk_temple_overflow_elements, serial_undead, serial_undead_d,
          serial_undead_f, serial_undead_f, serial_undead_d, uniq_ijyb
D:4:      cheibrodos_helix_gallery, layout_rooms, minmay_temple_entry_hall,
          minmay_checkerbox, uniq_blork_the_orc
D:5:      layout_loops_ring, palyth_temple_overflow_mages,
          kennysheep_generic_room_9, uniq_edmund
D:6:      layout_gridville, nicolae_shop_firing_range
D:7:      layout_rooms, nicolae_ossuary_entry_ruins, nicolae_benzene_ring
D:8:      layout_cave_pods
D:9:      layout_basic, nicolae_wu_jian_glorious_leap, lair_entry_dummy,
          david_orc_5, grunt_ministairs_10, hangedman_corner_corridor
D:10:     layout_basic, kennysheep_mini, worms_lemuel, uniq_erolcha, uniq_sonja,
          uniq_maggie
D:11:     layout_basic
Temple:   jpeg_temple_clearing

Skill      XL: |  1  2  3  4  5  6  7  8  9 10 |
---------------+-------------------------------+-----
Spellcasting   | 4 5 6 7 8 |  8.2
Conjurations   | 4 5 6 7 8 |  8.2
Hexes          | 4 5 6 7 8 |  8.2
Summonings     | 4 5 6 7 8 |  8.2
Necromancy     | 4 5 6 7 8 |  8.2
Translocations | 4 5 6 7 8 |  8.2
Transmutations | 4 5 6 7 8 |  8.2
Fire Magic     | 4 5 6 7 8 |  8.2
Ice Magic      | 4 5 6 7 8 |  8.2
Air Magic      | 4 5 6 7 8 |  8.2
Earth Magic    | 4 5 6 7 8 |  8.2
Poison Magic   | 4 5 6 7 8 |  8.2
Stealth        | 2 3 4 5 |  5.1
Dodging        | 3 4 5 6 |  6.7
Short Blades   | 1 2 3 4 |  4.2
Fighting       | 1 2 3 |  3.8
Invocations    | 3 |  3.8

Action                     |  1- 3 |  4- 6 |  7- 9 | 10-12 || total
---------------------------+-------+-------+-------+-------++-------
  Melee: Short sword       |    20 |    17 |       |       ||    37
         Unarmed           |     1 |       |       |       ||     1
         Dagger            |       |       |   195 |    73 ||   268
         Peck              |       |       |    46 |    15 ||    61
         Punch             |       |       |     4 |     2 ||     6
   Cast: Foxfire           |    56 |    45 |   168 |    43 ||   312
         Scorch            |       |     1 |    16 |     3 ||    20
         Confusing Touch   |       |       |     8 |     2 ||    10
         Searing Ray       |       |       |     3 |     7 ||    10
         Volatile Blastmot |       |       |     7 |     9 ||    16
         Magic Dart        |       |       |     1 |       ||     1
         Flame Wave        |       |       |     1 |       ||     1
         Inner Flame       |       |       |       |     2 ||     2
         Hailstorm         |       |       |       |     1 ||     1
 Invoke: Minor Destruction |       |       |       |     1 ||     1
  Evoke: Wand              |       |       |     1 |       ||     1
    Use: Potion            |       |     2 |     4 |     2 ||     8
         Scroll            |       |       |    13 |     4 ||    17
   Stab: Sleeping          |     1 |     1 |     5 |     3 ||    10
         Confused          |       |       |     3 |       ||     3
         Invisible         |       |       |     1 |       ||     1
 Armour: Robe              |     6 |     3 |    32 |     6 ||    47
  Dodge: Dodged            |    26 |    16 |   134 |    55 ||   231

Table legend: (Time is in decaauts)
 A = Elapsed time spent in this place.
 B = Non-inter-level travel time spent in this place.
 C = Inter-level travel time spent in this place.
 D = Time resting spent in this place.
 E = Time spent auto-exploring this place.
 F = Levels seen in this place.
 G = Mean time per level.
                   A        B        C        D        E       F      G
               +--------+--------+--------+--------+--------+-----+--------+
         Total |   9334 |   9177 |    157 |   1547 |   4492 |  13 |  718.0 |
       Dungeon |   8867 |   8710 |    157 |   1443 |   4466 |  11 |  806.1 |
        Temple |     76 |     76 |      0 |      0 |     26 |   1 |   76.0 |
       Ossuary |    390 |    390 |      0 |    104 |      0 |   1 |  390.0 |
               +--------+--------+--------+--------+--------+-----+--------+

Top non-repeatable levels by time:
     D:5: 1490 daAuts
     D:6: 1104 daAuts
     D:1: 1063 daAuts
     D:3: 987 daAuts
     D:7: 890 daAuts
     D:2: 820 daAuts
     D:8: 715 daAuts
     D:4: 650 daAuts
     D:9: 622 daAuts
    D:10: 472 daAuts
 Ossuary: 390 daAuts
  Temple: 76 daAuts
    D:11: 49 daAuts
